 Dungeon Crawl Stone Soup version 0.19-a0-45-g2c295ea (webtiles) character file.

313873 mrath the Bludgeoner (level 20, -4/163 HPs)
             Began as a Minotaur Fighter on May 5, 2016.
             Was an Elder of Okawaru.
             Killed from afar by a starcursed mass (5 damage)
             ... with an accursed screaming
             ... on level 3 of the Elven Halls on May 6, 2016.
             The game lasted 06:24:58 (56422 turns).

mrath the Bludgeoner (Minotaur Fighter)            Turns: 56422, Time: 06:25:00

Health: -4/163     AC: 35    Str: 34    XL:     20   Next: 47%
Magic:  0/27       EV: 14    Int: 11    God:    Okawaru [****..]
Gold:   1027       SH: 23    Dex: 12    Spells: 0 memorised, 19 levels left

rFire  . . .     SeeInvis +     r - +4 flail (protect)
rCold  + + .     Gourm    .     V - +6 plate armour of Covaty {rPois rC++ Str+3 Dex-3}
rNeg   . . .     Faith    .     L - +0 large shield
rPois  +         Spirit   +     g - +2 hat {SInv}
rElec  +         Dismiss  .     f - +2 cloak {+Inv}
rCorr  .         Reflect  .     Y - +1 pair of gloves
SustAt .         Harm     .     U - +0 pair of boots {Fly}
MR     ++...                    Z - amulet "Orrer" {Spirit rElec Int+6}
Stlth  ..........               x - ring of protection from magic
                                C - +6 ring of strength

@: corroded, flying, studying Throwing, very resistant to hostile enchantments,
extremely unstealthy
A: retaliatory headbutt, horns 2, frail 1
a: Heroism, Renounce Religion, Evoke Invisibility, Stop Flying
}: 2/15 runes: serpentine, barnacled


You were on level 3 of the Elven Halls.
You worshipped Okawaru.
Okawaru was greatly pleased with you.
You were hungry.

You visited 7 branches of the dungeon, and saw 37 of its levels.
You visited the Abyss 2 times.
You visited 1 bazaar.
You also visited: Ice Cave.

You collected 4164 gold pieces.
You spent 3137 gold pieces at shops.

Inventory:

Hand Weapons
 r - a +4 flail of protection (weapon)
 s - the +7 great mace of Reapportionment {drain, Str+3 Int+4 Dex-3, unknown}
   (You took it off a deep elf sorcerer on level 3 of the Elven Halls)

   A truly terrible weapon, it drains the life of those it strikes.
   It affects your strength (+3).
   It affects your intelligence (+4).
   It affects your dexterity (-3).
 A - a +0 mace of crushing
 X - the +6 hunting sling of Nuoghadd {flame, Int+4 Dex+2}
   (You found it on level 1 of the Lair of Beasts)

   It causes projectiles fired from it to burn those they strike, causing extra
   injury to most foes and up to half again as much damage against particularly
   susceptible opponents.
   It affects your intelligence (+4).
   It affects your dexterity (+2).
Missiles
 k - 14 exploding tomahawks
 y - 303 sling bullets
 z - 22 javelins of penetration (quivered)
Armour
 f - a +2 cloak of invisibility (worn)
 g - a +2 hat of see invisible (worn)
 L - a +0 large shield (worn)
 U - a +0 pair of boots of flying (worn)
 V - the +6 plate armour of Covaty (worn) {rPois rC++ Str+3 Dex-3}
   (You bought it in a shop in a bazaar)

   It affects your strength (+3).
   It affects your dexterity (-3).
   It greatly protects you from cold.
   It protects you from poison.
 Y - a +1 pair of gloves (worn)
Rods
 B - a +7 rod of shadows (10/10)
   (You took it off a deep elf demonologist on level 3 of the Elven Halls)
Jewellery
 l - an uncursed ring of ice
 n - a +3 ring of intelligence
 u - an uncursed ring of protection from fire
 v - an uncursed ring of resist corrosion
 x - a ring of protection from magic (right hand)
 C - a +6 ring of strength (left hand)
 E - an uncursed amulet of faith {unknown}
 G - an uncursed ring of positive energy
 Z - the amulet "Orrer" (around neck) {Spirit rElec Int+6}
   (You found it on level 1 of the Lair of Beasts)

   [amulet of guardian spirit]

   It causes incoming damage to be split between your health and magic.
   It affects your intelligence (+6).
   It insulates you from electricity.
Wands
 q - a wand of flame (20/48)
 w - a wand of acid (7/15)
 F - a wand of disintegration (14/24)
 K - a wand of lightning (8/15)
 M - a wand of iceblast (7/15)
Scrolls
 h - 5 scrolls of identify
 j - 3 scrolls of blinking
 t - 7 scrolls of teleportation
 D - 14 scrolls of remove curse
 I - a scroll of fog {unknown}
Potions
 c - 2 potions of haste
 e - 2 potions of cancellation
 m - a potion of resistance
 o - 2 potions of curing
 p - 6 potions of lignification
 J - 2 potions of berserk rage
 P - 9 potions of heal wounds
Books
 N - a manual of Throwing
Miscellaneous
 i - a phial of floods
 H - a fan of gales
 R - a box of beasts
Comestibles
 a - 9 royal jellies
 b - 3 fruits
 d - a bread ration


   Skills:
 + Level 16.7 Fighting
 + Level 16.9 Maces & Flails
 + Level 15.8 Throwing
 + Level 16.9 Armour
 + Level 15.0 Dodging
 - Level 7.9 Stealth
 + Level 16.2 Shields
 - Level 7.6 Invocations
 + Level 11.8 Evocations


You had 19 spell levels left.
You didn't know any spells.

Dungeon Overview and Level Annotations

Branches:
Dungeon (15/15)            Temple (1/1) D:6            Lair (8/8) D:9
 Shoals (4/4) Lair:6        Snake (4/4) Lair:6        Slime (0/6) Lair:6
    Orc (2/2) D:10            Elf (3/3) Orc:2        Vaults (0/5) D:13
 Depths (0/5) D:15

Altars:
Ashenzari
Cheibriados
Dithmenos
Elyvilon
Fedhas
Gozag
Kikubaaqudgha
Makhleb
Nemelex Xobeh
Okawaru
Pakellas
Qazlal
Ru
Sif Muna
Trog
Vehumet
Yredelemnul
Zin
The Shining One

Shops:
D:4 !   D:8 (   D:15 ![*%   Orc:1 %:[}!   Orc:2 !!}=

Portals:
Trove: D:10 (give 16 potions of curing)


Innate Abilities, Weirdness & Mutations

You reflexively headbutt those who attack you in melee.
You have a pair of horns on your head.
You are frail (-10% HP).


Message History

The starcursed mass shrieks in your mind.
* * * LOW HITPOINT WARNING * * *
The starcursed mass shrieks in your mind.
* * * LOW HITPOINT WARNING * * *
Items here: ( ))) 18 arrows; a long sword of holy wrath; a longbow; a glaive of venom
Things that are here:
a leather armour; 32 arrows; a longbow The starcursed mass shrieks in your mind.
* * * LOW HITPOINT WARNING * * *
There is an open door, spattered with blood here.
Things that are here:
a long sword; a leather armour The deep elf sorcerer points at you and mumbles some strange words.
The bolt of acid hits you!
* * * LOW HITPOINT WARNING * * *
The acid corrodes you!
The acid burns!
* * * LOW HITPOINT WARNING * * *
The starcursed mass shrieks in your mind.
You die...

##### ##...### .......###
.........# #########
(..))....####### #.......#
.(.......#..(..#### #.......#
.((.)([..'...(....#######.....##
......)[........(.##..###.....#
.............⌠..@)e[(.X.')...##
...................##.#..(...#
.......'##.........####...#.#####
##...##..###...########.).#......
#######..######......)..e.#####.
##..###.....).)###.X.####.
###.........)[##...##.### ###
##'...)..)..###....#### #.#
#.....).)...# ##..e...#


You could see a starcursed mass and a deep elf sorcerer.

Vanquished Creatures
  Saint Roka (Snake:4)
  Rupert (Lair:5)
  2 deep elf master archers (Elf:3)
  3 deep elf blademasters
  A sphinx (D:12)
  4 tentacled starspawn (Abyss:2)
  The ghost of Mefis the Thaumaturge, an adept DEWz of Sif Muna (Elf:1)
  The ghost of heinrich the Eclecticist, an adept OpEE of Vehumet (Shoals:2)
  16 greater nagas
  Ilsuiw (Shoals:4)
  4 deep elf sorcerers
  Aizul (Snake:3)
  5 deep elf elementalists
  Nessos (Lair:5)
  3 deep elf annihilators (Elf:3)
  7 deep elf demonologists
  Azrael (Elf:2)
  2 merfolk javelineers
  An ettin (D:12)
  12 merfolk impalers
  A blizzard demon (Abyss:2)
  3 fire dragons
  4 deep elf death magi
  An ogre mage (D:12)
  A deep elf high priest (Elf:3)
  Fannar (Lair:2)
  2 catoblepae
  16 naga warriors
  A rakshasa (Abyss:2)
  An alligator snapping turtle (Shoals:3)
  11 hydras
  2 merfolk avatars (Shoals:4)
  13 anacondas
  4 centaur warriors
  6 merfolk aquamancers
  A deep troll earth mage (D:12)
  25 dancing weapons
  6 satyrs
  An orc high priest (Orc:2)
  2 thrashing horrors (Abyss:2)
  22 naga sharpshooters
  5 shock serpents
  14 deep elf knights
  13 sea snakes
  5 skeletal warriors (D:10)
  A wretched star (Abyss:2)
  4 salamander mystics
  An unseen horror (D:12)
  A giant orange brain (Abyss:2)
  5 hill giants
  A kraken simulacrum (Shoals:4)
  2 orc knights
  9 harpies
  11 naga ritualists
  A lindwurm (Lair:8)
  12 deep elf archers
  5 orc sorcerers
  10 mana vipers
  44 deep elf magi
  10 salamanders
  18 griffons
  6 cyclopes
  16 fauns
  14 ugly things
  15 manticores
  A salamander (shapeshifter) (D:15)
  46 black mambas
  9 large abominations
  3 elephants (Lair:2)
  Joseph (Lair:1)
  14 sirens
  An eye of devastation (Abyss:2)
  6 water nymphs
  2 centaur zombies
  The ghost of nubinia the Magician, a novice DEEE of Vehumet (D:6)
  A spiny frog (shapeshifter) (D:14)
  3 ice statues (IceCv)
  5 guardian serpents
  20 naga magi
  An orange demon (Abyss:2)
  6 centaur skeletons
  2 smoke demons (Abyss:2)
  2 kobold demonologists
  6 torpor snails (Lair:8)
  2 gargoyles
  9 spiny frogs
  A molten gargoyle (Lair:4)
  A rime drake (shapeshifter) (D:15)
  7 yaktaurs
  A rime drake (Lair:6)
  A demonic crawler (Abyss:2)
  2 efreet
  9 komodo dragons
  5 trolls
  An ancient zyme (Abyss:2)
  4 giant leeches (Lair:8)
  29 merfolk
  A troll (shapeshifter) (D:14)
  Grinder (D:3)
  A queen bee (Lair:2)
  3 wind drakes
  5 two-headed ogres
  3 polar bears
  7 raiju (Abyss:2)
  18 blink frogs
  5 snapping turtles
  5 starcursed masses (Abyss:2)
  2 air elementals
  A spriggan (Lair:6)
  An ettin skeleton (Abyss:2)
  9 flying skulls (Abyss:2)
  13 water elementals
  A shadow (D:12)
  A vampire (D:10)
  A ynoxinul (Abyss:2)
  4 wyverns
  5 fire elementals
  21 yaks
  A basilisk (Lair:7)
  A neqoxec (Abyss:2)
  14 hippogriffs
  5 small abominations (Abyss:2)
  A hungry ghost (D:15)
  88 nagas
  A warg (Orc:2)
  Menkaure (D:4)
  13 vampire mosquitoes
  7 swamp worms (D:15)
  3 hell hounds
  A soldier ant (shapeshifter) (Abyss:2)
  16 water moccasins
  A soldier ant (D:12)
  13 porcupines
  3 black bears
  22 orc warriors
  Duvessa (D:4)
  3 sky beasts
  4 wasps (Lair:8)
  A necrophage (D:11)
  7 ice beasts
  A boggart (D:13)
  17 wolves
  24 centaurs
  2 eyes of draining
  10 ogres
  6 big kobolds
  19 crocodiles
  18 giant frogs
  3 earth elementals
  2 gnoll sergeants
  A water moccasin zombie (D:8)
  Dowan (D:4)
  A wyvern skeleton (D:7)
  A scorpion (D:12)
  36 killer bees
  A water moccasin skeleton (D:6)
  A howler monkey (D:6)
  4 wights (D:8)
  3 jellies
  3 electric eels
  5 crimson imps
  A giant frog zombie (D:7)
  A quasit (Abyss:2)
  12 hounds
  30 orc wizards
  A gnoll shaman (Orc:2)
  29 orc priests
  5 giant frog skeletons
  9 iguanas
  8 worker ants
  12 sheep
  2 hound skeletons (D:7)
  2 hound zombies
  A howler monkey zombie (D:9)
  A worker ant zombie (D:5)
  15 adders
  19 gnolls
  69 river rats
  4 shadow imps
  A white imp (Abyss:2)
  2 oozes
  An adder skeleton (D:7)
  An adder zombie (D:7)
  30 worms
  6 giant geckos
  109 orcs
  2 ball pythons (D:2)
  5 bats
  5 giant cockroaches
  7 hobgoblins
  24 jackals
  5 quokkas
  5 giant newts
  8 goblins
  A jackal skeleton (D:8)
  27 kobolds
  A quokka skeleton (D:5)
  10 rats
  A bush (Lair:8)
  A fungus (D:9)
  A plant (Shoals:1)
  A starspawn tentacle (Abyss:2)
  A tentacle (Shoals:4)
1567 creatures vanquished.

Vanquished Creatures (others)
  An eldritch tentacle (Elf:1)
  A merfolk aquamancer (Shoals:4)
  A deep elf mage (Elf:2)
  A black mamba (Snake:2)
  A giant leech (Lair:8)
  A blink frog (Lair:8)
  A vampire (D:15)
  A wyvern (D:8)
  A vampire mosquito (D:14)
  A small abomination (Abyss:2)
  A sky beast (D:9)
  An orc wizard (D:9)
  A quokka (D:8)
  94 eldritch tentacle segments (Elf:1)
  10 fungi
  22 plants
  8 starspawn tentacles (Abyss:2)
  61 starspawn tentacle segments (Abyss:2)
  7 tentacles (Shoals:4)
  101 tentacle segments (Shoals:4)
316 creatures vanquished.

Grand Total: 1883 creatures vanquished

Notes
Turn   | Place    | Note
--------------------------------------------------------------
     0 | D:1      | mrath the Minotaur Fighter began the quest for the Orb.
     0 | D:1      | Reached XP level 1. HP: 19/19 MP: 0/0
   148 | D:1      | Reached XP level 2. HP: 26/26 MP: 1/1
   862 | D:2      | Reached XP level 3. HP: 19/31 MP: 2/2
  1046 | D:2      | Found a bloodstained altar of Trog.
  1078 | D:2      | Reached skill level 5 in Maces & Flails
  1084 | D:2      | Reached XP level 4. HP: 26/39 MP: 3/3
  1418 | D:2      | Found a glowing silver altar of Zin.
  1424 | D:2      | Found an opulent altar of Gozag.
  2166 | D:3      | Reached XP level 5. HP: 45/46 MP: 4/4
  2215 | D:3      | Noticed Grinder
  2241 | D:3      | Found a stormy altar of Qazlal.
  2247 | D:2      | Reached skill level 1 in Dodging
  2325 | D:3      | Paralysed by Grinder for 5 turns
  2344 | D:3      | Paralysed by Grinder for 4 turns
  2371 | D:3      | Killed Grinder
  2371 | D:3      | Reached XP level 6. HP: 19/52 MP: 5/5
  2680 | D:3      | Found a blossoming altar of Fedhas.
  3229 | D:4      | Noticed Dowan
  3230 | D:4      | Noticed Duvessa
  3253 | D:4      | Killed Duvessa
  3253 | D:4      | Reached XP level 7. HP: 43/60 MP: 6/6
  3260 | D:4      | Killed Dowan
  3415 | D:4      | Reached skill level 5 in Armour
  3415 | D:4      | Reached skill level 5 in Shields
  3584 | D:4      | Noticed Menkaure
  3591 | D:4      | Killed Menkaure
  3591 | D:4      | Reached skill level 5 in Fighting
  3640 | D:4      | Found Zuofreid's Distillery.
  3861 | D:4      | Bought a potion of curing for 42 gold pieces
  3940 | D:5      | Entered Level 5 of the Dungeon
  4117 | D:5      | Reached XP level 8. HP: 69/69 MP: 7/7
  5001 | D:5      | Found a deep blue altar of Sif Muna.
  5025 | D:5      | Found a burning altar of Makhleb.
  5436 | D:6      | Found an iron altar of Okawaru.
  5439 | D:6      | Became a worshipper of Warmaster Okawaru
  5445 | D:6      | Found an oddly glowing altar of Pakellas.
  5577 | D:6      | Noticed nubinia's ghost (novice DEEE)
  5587 | D:6      | Killed nubinia's ghost
  5587 | D:6      | Reached * piety under Okawaru
  5606 | D:6      | Reached skill level 5 in Dodging
  5628 | D:6      | Found a staircase to the Ecumenical Temple.
  5653 | Temple   | Entered the Ecumenical Temple
  5808 | D:6      | Reached XP level 9. HP: 78/78 MP: 8/8
  6410 | D:7      | Reached skill level 1 in Throwing
  6522 | D:7      | Reached skill level 1 in Invocations
  6669 | D:7      | Reached ** piety under Okawaru
  6669 | D:7      | Reached skill level 1 in Evocations
  6992 | D:7      | Found a basalt altar of Yredelemnul.
  7709 | D:8      | Found an oddly glowing altar of Pakellas.
  7709 | D:8      | Noticed an orange crystal statue
  7831 | D:8      | Noticed a komodo dragon
  7854 | D:8      | Killed a komodo dragon
  8254 | D:8      | Found a white marble altar of Elyvilon.
  8289 | D:8      | Found Xunocot's Weapon Shoppe.
  8856 | D:9      | Reached *** piety under Okawaru
  9048 | D:9      | Reached XP level 10. HP: 86/88 MP: 10/10
  9255 | D:9      | Found a staircase to the Lair.
 10008 | D:10     | Entered Level 10 of the Dungeon
 10035 | D:10     | Noticed a hill giant
 10047 | D:10     | Killed a hill giant
 10047 | D:10     | Reached **** piety under Okawaru
 10404 | D:10     | Got a bloodstained ring mail
 10415 | D:10     | Identified the cursed +0 ring mail of the Marlin {-Tele rElec rPois} (You found it on level 10 of the Dungeon)
 10466 | D:10     | Found a portal to a secret trove of treasure.
 10572 | D:10     | Noticed a skeletal warrior
 10573 | D:10     | Noticed a skeletal warrior
 10582 | D:10     | Killed a skeletal warrior
 10599 | D:10     | Killed a skeletal warrior
 10743 | D:10     | Found a staircase to the Orcish Mines.
 11029 | D:10     | Noticed a skeletal warrior
 11029 | D:10     | Noticed a skeletal warrior
 11055 | D:10     | Killed a skeletal warrior
 11055 | D:10     | Reached skill level 10 in Maces & Flails
 11055 | D:10     | Reached XP level 11. HP: 82/95 MP: 13/13
 11080 | D:10     | Killed a skeletal warrior
 11453 | D:10     | Noticed a skeletal warrior
 11476 | D:10     | Killed a skeletal warrior
 11476 | D:10     | Reached ***** piety under Okawaru
 11742 | Lair:1   | Entered Level 1 of the Lair of Beasts
 12242 | Lair:1   | Noticed Joseph
 12255 | Lair:1   | Killed Joseph
 12437 | Lair:1   | Received a gift from Okawaru
 12485 | Lair:1   | Got a crystal hunting sling
 12489 | Lair:1   | Got an ancient diamond amulet
 12490 | Lair:1   | Identified the amulet "Orrer" {Spirit rElec Int+6} (You found it on level 1 of the Lair of Beasts)
 12492 | Lair:1   | Identified the +6 hunting sling of Nuoghadd {flame, Int+4 Dex+2} (You found it on level 1 of the Lair of Beasts)
 12520 | Lair:1   | You fall through a shaft!
 12988 | Lair:2   | Noticed Fannar
 13001 | Lair:2   | Killed Fannar
 13001 | Lair:2   | Reached skill level 5 in Invocations
 13060 | Lair:2   | Reached skill level 5 in Throwing
 13173 | Lair:2   | Received a gift from Okawaru
 13191 | Lair:2   | Got an iridescent shortbow {god gift}
 13473 | Lair:2   | Noticed a seven-headed hydra
 13498 | Lair:2   | Killed a seven-headed hydra
 13621 | Lair:2   | Reached XP level 12. HP: 97/105 MP: 15/15
 13652 | Lair:2   | Reached skill level 5 in Evocations
 14401 | Lair:3   | Reached skill level 10 in Armour
 15659 | Lair:4   | Reached skill level 10 in Fighting
 15673 | Lair:4   | Received a gift from Okawaru
 16194 | Lair:4   | Noticed an eight-headed hydra
 16202 | Lair:4   | Killed an eight-headed hydra
 16202 | Lair:4   | Received a gift from Okawaru
 16202 | Lair:4   | Reached skill level 10 in Shields
 16406 | Lair:5   | Noticed a four-headed hydra
 16427 | Lair:5   | Killed a four-headed hydra
 16542 | Lair:5   | Noticed a catoblepas
 16562 | Lair:5   | Killed a catoblepas
 16779 | Lair:5   | Got a coiled glass ring
 16780 | Lair:5   | Identified the cursed ring of the Heavens {+Inv rC- rN+++ EV-2 Stlth+} (You found it on level 5 of the Lair of Beasts)
 16888 | Lair:5   | Noticed Nessos
 16900 | Lair:5   | Killed Nessos
 16943 | Lair:5   | Noticed Rupert
 16972 | Lair:5   | Killed Rupert
 16972 | Lair:5   | Received a gift from Okawaru
 16972 | Lair:5   | Reached XP level 13. HP: 52/114 MP: 4/16
 17511 | Lair:6   | Found a staircase to the Snake Pit.
 18095 | Lair:6   | Received a gift from Okawaru
 18124 | Lair:6   | Found a staircase to the Slime Pits.
 18311 | Lair:6   | Found a staircase to the Shoals.
 19425 | Lair:8   | Entered Level 8 of the Lair of Beasts
 19629 | Lair:8   | Found a runed door.
 19726 | Lair:8   | Received a gift from Okawaru
 19934 | Lair:8   | Reached skill level 1 in Stealth
 19948 | Lair:8   | Reached skill level 10 in Dodging
 20697 | Lair:7   | Received a gift from Okawaru
 20882 | Lair:8   | Reached XP level 14. HP: 110/124 MP: 16/18
 21716 | Lair:7   | Received a gift from Okawaru
 21960 | Orc:1    | Entered Level 1 of the Orcish Mines
 22010 | Orc:1    | Found Fedain's Food Emporium.
 22029 | Orc:1    | Found Qisuogh's Book Emporium.
 22078 | Orc:1    | Found Joiw's Distillery.
 22244 | Orc:2    | Entered Level 2 of the Orcish Mines
 22820 | Orc:1    | Found Daucsacs's Gadget Boutique.
 22861 | Orc:1    | Found Goonaame's Antique Armour Emporium.
 22897 | Orc:1    | Bought a glowing shield for 130 gold pieces
 22897 | Orc:1    | Bought a pair of runed boots for 130 gold pieces
 22986 | Orc:2    | Received a gift from Okawaru
 23104 | Orc:2    | Paralysed by an orc sorcerer for 7 turns
 23556 | Orc:2    | Received a gift from Okawaru
 23802 | Orc:2    | Found a staircase to the Elven Halls.
 24087 | Orc:2    | Found Kam Tesh's Distillery.
 24087 | Orc:2    | Found Busa Qygh's Jewellery Shoppe.
 24090 | Orc:2    | Found Noiryaxu's Distillery.
 24090 | Orc:2    | Found Gefyw's Gadget Shoppe.
 24158 | Orc:2    | Bought an uncursed ring of see invisible for 225 gold pieces
 24186 | Orc:1    | Bought a phial of floods for 520 gold pieces
 24186 | Orc:1    | Bought a fan of gales for 520 gold pieces
 24186 | Orc:1    | Bought a wand of lightning (3/15) for 91 gold pieces
 24193 | Orc:1    | Bought a runed cloak for 130 gold pieces
 24783 | D:11     | You fall through a shaft!
 24863 | D:12     | Found a frozen archway.
 24913 | IceCv    | Entered an ice cave
 25386 | IceCv    | Got a transparent leather armour
 25397 | IceCv    | Identified the cursed +1 leather armour of Fedhas's Condemnation {+Blink MR+++ Stlth-} (You found it in an ice cave)
 25619 | D:11     | Got a distressingly furry scale mail
 25620 | D:11     | Found a glowing golden altar of the Shining One.
 25639 | D:11     | Identified the cursed +0 scale mail of Lifelessness {Regen+ Int+6} (You found it on level 11 of the Dungeon)
 26485 | D:12     | Noticed a sphinx
 26485 | D:12     | Paralysed by a sphinx for 6 turns
 26525 | D:12     | Paralysed by a sphinx for 5 turns
 26821 | D:12     | Paralysed by an ogre mage for 3 turns
 27110 | Orc:1    | Bought a potion of heal wounds for 60 gold pieces
 27110 | Orc:1    | Bought a potion of heal wounds for 60 gold pieces
 27110 | Orc:1    | Bought a potion of heal wounds for 60 gold pieces
 27352 | D:12     | Got a flickering bronze amulet
 27538 | D:12     | Identified the amulet "Xyorhi" {Harm *Drain rC+ Str+4} (You found it on level 12 of the Dungeon)
 27551 | D:12     | Found an opulent altar of Gozag.
 27818 | D:12     | Killed a sphinx
 27947 | D:12     | Received a gift from Okawaru
 27947 | D:12     | Reached XP level 15. HP: 120/132 MP: 16/19
 28516 | D:13     | Found a gate to the Vaults.
 30188 | D:14     | Found a shadowy altar of Dithmenos.
 30823 | D:15     | Entered Level 15 of the Dungeon
 30956 | D:14     | Received a gift from Okawaru
 31038 | D:15     | Found Zomaid's Food Shop.
 31219 | D:15     | Found Lyocs's Distillery.
 31336 | D:15     | Received a gift from Okawaru
 31474 | D:15     | Found a staircase to the Depths.
 31519 | D:15     | Found Kythro's Antique Armour Emporium.
 31810 | D:15     | Reached skill level 5 in Stealth
 31848 | D:15     | Bought a runed plate armour for 552 gold pieces
 31865 | D:15     | Found Pyusothru's General Store.
 32270 | Snake:1  | Entered Level 1 of the Snake Pit
 33277 | Snake:2  | Reached XP level 16. HP: 118/141 MP: 16/21
 33391 | Snake:2  | Reached skill level 10 in Throwing
 33540 | Snake:2  | Received a gift from Okawaru
 33860 | Snake:2  | Found an ancient bone altar of Kikubaaqudgha.
 36013 | Snake:3  | Noticed Aizul
 36039 | Snake:3  | Killed Aizul
 36411 | Snake:4  | Entered Level 4 of the Snake Pit
 36411 | Snake:4  | Noticed Saint Roka
 36952 | Snake:4  | Received a gift from Okawaru
 37783 | Snake:4  | Reached XP level 17. HP: 151/151 MP: 23/23
 38226 | Snake:4  | Received a gift from Okawaru
 38496 | Snake:4  | Killed Saint Roka
 38926 | Snake:4  | Received a gift from Okawaru
 38977 | Snake:4  | HP: 6/151 [poisoned by a naga ritualist (toxic radiance)]
 39846 | Snake:4  | Received a gift from Okawaru
 40745 | Snake:4  | Received a gift from Okawaru
 40936 | Snake:4  | Reached skill level 10 in Evocations
 41501 | Snake:4  | Received a gift from Okawaru
 41864 | Snake:4  | Got a serpentine rune of Zot
 41948 | Snake:4  | Received a gift from Okawaru
 42234 | Shoals:1 | Entered Level 1 of the Shoals
 42252 | Shoals:1 | Reached skill level 15 in Maces & Flails
 42252 | Shoals:1 | Reached skill level 15 in Armour
 42285 | Shoals:1 | Reached XP level 18. HP: 161/161 MP: 24/24
 43165 | Shoals:2 | Noticed heinrich's ghost (adept OpEE)
 43196 | Shoals:2 | Killed heinrich's ghost
 43216 | Shoals:2 | Received a gift from Okawaru
 44404 | Shoals:3 | Reached skill level 15 in Fighting
 44563 | Shoals:3 | Found a flickering gateway to a bazaar.
 44572 | Bazaar   | Entered a bazaar
 44581 | Bazaar   | Found Gevievo's Antique Weapon Shoppe.
 44592 | Bazaar   | Found Xihat's Antique Weapon Emporium.
 44608 | Bazaar   | Found Ememext's Antique Armour Emporium.
 44619 | Bazaar   | Found Ryemir's Antique Armour Shoppe.
 44624 | Bazaar   | Bought a pair of glowing boots for 85 gold pieces
 44624 | Bazaar   | Bought a polished plate armour for 532 gold pieces
 44634 | Bazaar   | Identified the +6 plate armour of Covaty {rPois rC++ Str+3 Dex-3} (You bought it in a shop in a bazaar)
 44783 | Shoals:3 | Got a smoking plate armour
 44927 | Shoals:3 | Identified the +2 plate armour of Emairo {rPois rN+} (You found it on level 3 of the Shoals)
 44948 | Shoals:4 | Entered Level 4 of the Shoals
 45616 | Shoals:4 | Noticed Ilsuiw
 46497 | Shoals:4 | Received a gift from Okawaru
 46504 | Shoals:4 | Killed Ilsuiw
 47039 | Shoals:4 | Reached skill level 15 in Shields
 47760 | Shoals:4 | Received a gift from Okawaru
 47953 | Shoals:4 | Reached XP level 19. HP: 145/170 MP: 22/26
 48119 | Shoals:4 | Got a barnacled rune of Zot
 48661 | Elf:1    | Entered Level 1 of the Elven Halls
 48661 | Elf:1    | Noticed Mefis's ghost (adept DEWz)
 48763 | Elf:1    | Killed Mefis's ghost
 49204 | Elf:1    | Received a gift from Okawaru
 49246 | Elf:1    | Identified the Handbook of Darkness
 49270 | Elf:1    | Noticed a Brimstone Fiend
 49647 | Elf:1    | Noticed a Tzitzimitl
 50154 | Elf:1    | Received a gift from Okawaru
 50373 | Elf:2    | Noticed Azrael
 50424 | Elf:2    | Killed Azrael
 50846 | Elf:2    | Got a pair of scorched boots
 50864 | Elf:2    | Identified the cursed +0 pair of boots of Xyppin {Slay+2} (You found it on level 2 of the Elven Halls)
 51267 | Elf:2    | Found a runed gate.
 51267 | Elf:2    | Found a runed gate.
 51268 | Elf:2    | Found a runed gate.
 51693 | Elf:2    | Cast into level 2 of the Abyss (executioner's axe of distortion)
 51945 | Abyss:2  | Received a gift from Okawaru
 52046 | Abyss:2  | Gained mutation: You are frail (-10% HP). [a neqoxec]
 52452 | Elf:2    | Escaped the Abyss
 52762 | Elf:2    | Reached skill level 15 in Throwing
 53155 | Elf:3    | Entered Level 3 of the Elven Halls
 53704 | Elf:3    | Reached XP level 20. HP: 116/162 MP: 22/27
 54517 | Elf:3    | Received a gift from Okawaru
 55786 | Elf:3    | Got an ichor-stained great mace {drain}
 55984 | Elf:3    | Identified a +7 rod of shadows (10/10) (You took it off a deep elf demonologist on level 3 of the Elven Halls)
 56008 | Elf:3    | Cast into level 2 of the Abyss (a deep elf sorcerer)
 56363 | Abyss:2  | Reached skill level 15 in Dodging
 56371 | Abyss:2  | Paralysed by accursed screaming for 1 turns
 56379 | Abyss:2  | Paralysed by accursed screaming for 2 turns
 56393 | Abyss:2  | Found a corrupted altar of Lugonu.
 56400 | Abyss:2  | Paralysed by accursed screaming for 2 turns
 56402 | Elf:3    | Escaped the Abyss
 56422 | Elf:3    | HP: 1/163 [acid (13)]
 56422 | Elf:3    | Killed from afar by a starcursed mass

Vault maps used:
D:1:      sevenhm_arrival_forest_fort_large_2
D:2:      grunt_temple_overflow_gold_and_silver, old_standard_altar
D:3:      grunt_temple_overflow_forces_of_nature, grunt_decor_one_mirror,
          solitary_fountain, uniq_grinder
D:4:      tgw_xom, first_bread, serial_shops, nicolae_shop_waterfront,
          uniq_menkaure, uniq_duvessa
D:5:      led_sif_book, kennysheep_little_box
D:6:      kennysheep_mini_moat, minmay_temple_entry_large_hall, basic_altar,
          st_stairs_10, lemuel_flame_loot_1
D:7:      yredelemnul_altar_generic
D:8:      elyvilon_altar_4, gammafunk_pakellas_statue_experiment, serial_shops,
          shop
D:9:      dpeg_oklobed_lair, st_stairs_9
D:10:     hiddenorc1_lemuel, trove_entry_hex_spiral
D:11:     david_nohive_1, nicolae_tso_swordbearing_angel
D:12:     minmay_containers, portal_ice_cave_entry_pillars_01, spider_trap,
          nicolae_gozag_seed_capital
D:13:     hangedman_vaults_entry_quadrant_bands
D:14:     nicolae_dithmenos_through_a_glass_darkly, grunt_ministairs_2
D:15:     grunt_enter_depths_hoard, serial_shops, shop_statue, shop,
          nicolae_shop_statue_plus, shop, minmay_misc_feat_iff, worms_lemuel
Temple:   minmay_temple_bridge_a_8
Lair:1:   beast_lair_carwin_11, infiniplex_staircase_pool, grunt_megastairs_1,
          uniq_joseph
Lair:2:   special_room, uniq_fannar
Lair:3:   serial_bayou_pond_b, grunt_megastairs_4
Lair:5:   grunt_megastairs_3, uniq_rupert, uniq_nessos
Lair:6:   elwin_shoals_entry_rooms, dummy_snake_entry, slime_dummy,
          grunt_forest_stairs_clearing
Lair:7:   infiniplex_staircase_pool_2, lemuel_fruit_fields
Lair:8:   wormcave, lemuel_old_faithful
Shoals:3: serial_shops, bzr_entry_islet
Shoals:4: shoals_end_grunt_ice, shoal_ilsuiw
Snake:2:  basic_altar, st_stairs_8, spider_trap, grunt_ministairs_9
Snake:3:  spider_trap, library_closet, hangedman_snake_pattern,
          serial_bayou_shore_a, uniq_aizul
Snake:4:  grunt_snake_rune_spirals, grunt_ministairs_1, uniq_saint_roka
Orc:1:    serial_shops, shop, nicolae_shop_statue_plus, shop_fountains, shop,
          shop, statue_in_the_mist_lemuel
Orc:2:    st_orc_mages
Elf:1:    minmay_elf_necromancy
Elf:2:    uniq_azrael
Elf:3:    grunt_elf_hall_asides
Abyss:2:  hangedman_illusive_loot, guppyfry_abyss_exit_spiral_guarded
Bazaar:   bazaar_minmay_armour_weapon
IceCv:    ice_cave_statue_garden_02

Skill      XL: |  1  2  3  4  5  6  7  8  9 10 11 12 13 14 15 16 17 18 19 20 |
---------------+-------------------------------------------------------------+-----
Maces & Flails | 3 4 5 6 7 8 9 10 11 12 13 14 15 16 | 16.9
Dodging        | 2 3 5 7 8 9 10 11 12 13 14 15 | 15.0
Fighting       | 4 5 6 7 8 9 10 11 12 13 14 15 16 | 16.7
Armour         | 4 5 6 7 8 9 10 11 12 13 14 15 16 | 16.9
Shields        | 4 5 6 7 8 9 10 11 12 13 14 15 16 | 16.2
Throwing       | 2 4 5 6 7 9 11 12 13 15 | 15.8
Invocations    | 2 4 5 6 7 |  7.6
Evocations     | 2 3 4 6 7 8 9 10 11 | 11.8
Stealth        | 1 4 5 7 |  7.9

Action                   |  1- 3 |  4- 6 |  7- 9 | 10-12 | 13-15 | 16-18 | 19-21 || total
-------------------------+-------+-------+-------+-------+-------+-------+-------++-------
Melee: Flail             |    78 |   179 |   337 |   883 |  2232 |  1931 |  1172 ||  6812
       Headbutt          |    11 |    25 |    73 |   200 |   589 |   587 |   309 ||  1794
       Demon trident     |       |       |       |       |       |     7 |     9 ||    16
 Fire: Hunting sling     |       |       |       |    14 |       |    81 |    25 ||   120
Throw: Stone             |     3 |    11 |       |       |       |       |       ||    14
       Javelin           |       |     4 |    13 |    15 |   130 |   187 |    38 ||   387
       Tomahawk          |       |       |       |       |     5 |     7 |       ||    12
Invok: Heroism           |       |       |     1 |    19 |    41 |    43 |    24 ||   128
       Finesse           |       |       |       |     8 |    10 |    18 |    11 ||    47
Evoke: Wand              |       |       |       |       |       |       |     3 ||     3
  Use: Scroll            |       |     2 |     2 |    13 |    19 |     7 |     6 ||    49
       Potion            |       |       |       |     1 |       |    10 |     2 ||    13
 Stab: Distracted        |       |       |       |       |       |       |     1 ||     1
  Eat: Chunk             |       |     8 |    15 |    24 |    55 |    26 |    26 ||   154
       Beef jerky        |       |       |     1 |       |     1 |     5 |     1 ||     8
       Pizza             |       |       |     1 |       |       |       |       ||     1
       Royal jelly       |       |       |       |     2 |     2 |     5 |       ||     9
       Fruit             |       |       |       |       |       |     7 |     4 ||    11
       Meat ration       |       |       |       |       |       |     1 |       ||     1
Armor: Scale mail        |    38 |    51 |       |       |       |       |       ||    89
       Chain mail        |       |    26 |   132 |     2 |       |       |       ||   160
       Plate armour      |       |       |       |   359 |   885 |   699 |   399 ||  2342
Dodge: Dodged            |    11 |    70 |    65 |   300 |   801 |   709 |   353 ||  2309
Block: Shield            |    41 |   103 |   158 |   634 |  1604 |   728 |       ||  3268
       Large shield      |       |       |       |       |       |  1358 |  1265 ||  2623
